 Dungeon Crawl Stone Soup version 0.29.1-13-g9f3cf754e1 (webtiles) character file.

Game seed: 6462780522469969620

14583 theswoord the Cruncher (level 11, -9/95 HPs)
             Began as a Demonspawn Gladiator on Jan 22, 2023.
             Was an Elder of Qazlal.
             Mangled by a quicksilver ooze (12 damage)
             ... in a Gauntlet.
             The game lasted 00:32:40 (11824 turns).

theswoord the Cruncher (Demonspawn Gladiator)      Turns: 11824, Time: 00:32:48

Health: -9/95      AC: 19    Str: 20    XL:     11   Next: 90%
Magic:  1/18       EV: 13    Int:  7    God:    Qazlal [****..]
Gold:   629        SH:  5    Dex: 16    Spells: 10/10 levels left

rFire   . . .      SeeInvis .   z - +3 quarterstaff (chaos)
rCold   . . .      Faith    +   (shield currently unavailable)
rNeg    + . .      Spirit   .   y - +1 chain mail {rPois}
rPois   +          Reflect  .   e - +0 hat {Will+}
rElec   +          Harm     .   D - +0 cloak
rCorr   +          Rampage  .   E - +0 pair of gloves of Xom's Outrage {rN+ Regen+ Str+2}
Will    +....      NoTele   +   n - +1 pair of boots
Stlth   ..........              d - amulet of faith
HPRegen 1.05/turn               g - ring of resist corrosion
MPRegen 0.16/turn               i - +4 ring of evasion

@: engulfed (cannot breathe), on berserk cooldown, attractive, slowed, repel
missiles, very slow
A: thin metallic scales 3, demonic magic 1, weakness stinger 2, dopey 1, robust
1, sturdy frame 1
a: Renounce Religion, Upheaval, Elemental Force


You were in a Gauntlet.
You worshipped Qazlal.
Qazlal was greatly pleased with you.
You visited 2 branches of the dungeon, and saw 12 of its levels.
You also visited: Ossuary and Gauntlet.

You collected 629 gold pieces.

Inventory:

Hand Weapons
 a - a +1 quarterstaff
 z - a +3 quarterstaff of chaos (weapon)
 B - a +0 lajatang
Missiles
 f - 5 javelins
 r - 11 silver javelins (quivered)
Armour
 b - a +0 leather armour
 c - a +1 helmet
 e - a +0 hat of willpower (worn)
 k - the +0 pair of gloves of the Lotus Blossom {+Blink Slay+5}
   (You found it in a Gauntlet)

   Slay:      It affects your accuracy & damage with ranged weapons and melee
   (+5).
   +Blink:    It lets you blink.
 m - a +0 chain mail
 n - a +1 pair of boots (worn)
 y - a +1 chain mail of poison resistance (worn)
 D - a +0 cloak (worn)
 E - the +0 pair of gloves of Xom's Outrage (worn) {rN+ Regen+ Str+2}
   (You found it on level 6 of the Dungeon)

   Str:       It affects your strength (+2).
   rN:        It protects you from negative energy.
   Regen:     It increases your rate of health regeneration.
Jewellery
 d - an amulet of faith (around neck)
 g - a ring of resist corrosion (left hand)
 h - a ring of wizardry
 i - a +4 ring of evasion (right hand)
Wands
 G - a wand of light (11)
Scrolls
 o - 2 scrolls of enchant armour
 v - 4 scrolls of teleportation
 x - 2 scrolls of vulnerability
 H - 5 scrolls of immolation
Potions
 j - a potion of magic
 p - 2 potions of brilliance
 q - 2 potions of flight
 s - 3 potions of mutation
 u - 3 potions of lignification
 w - 4 potions of curing
 A - 3 potions of attraction
 C - a potion of berserk rage
 F - a potion of cancellation {unknown}


   Skills:
 + Level 8.7 Fighting
 - Level 14.0 Staves
 - Level 1.7 Throwing
 + Level 4.5 Armour
 - Level 2.6 Dodging
 * Level 9.6 Invocations


You had 10 spell levels left.
You didn't know any spells.
Your spell library was empty.

Dungeon Overview and Level Annotations

Branches:
Dungeon (11/15)            Temple (1/1) D:4            Lair (0/5) D:11
    Orc (0/2) D:9         Ossuary (visited)         Gauntlet (1/1)

Altars:
Ashenzari
Cheibriados
Dithmenos
Fedhas
Gozag
Hepliaklqana
Kikubaaqudgha
Makhleb
Nemelex Xobeh
Okawaru
Qazlal
Ru
Sif Muna
Trog
Uskayaw
Vehumet
Wu Jian
Xom
Yredelemnul

Shops:
D:2 (   D:6 :

Annotations:
Gauntlet 1 runed translucent door, 9 transporters


Innate Abilities, Weirdness & Mutations

You are completely covered in thin metallic scales. (AC +4, rElec)
Spells you cast may paralyse adjacent enemies.
You have a tail ending in a sharp stinger.
You are dopey. (Int -2)
You are robust. (+10% HP)
Your movements are slightly less encumbered by armour. (ER -2)


Message History

The quicksilver ooze is severely wounded.
* * * LOW HITPOINT WARNING * * *
Your lungs strain for air!
The quicksilver ooze hits you. The quicksilver ooze barely misses you.
The quicksilver ooze hits you!
* * * LOW HITPOINT WARNING * * *
The quicksilver ooze hits you but does no damage.
You barely miss the quicksilver ooze.
The quicksilver ooze is severely wounded.
* * * LOW HITPOINT WARNING * * *
Your lungs strain for air!
The quicksilver ooze hits you.
* * * LOW HITPOINT WARNING * * *
The quicksilver ooze hits you but does no damage.
You closely miss the quicksilver ooze.
You tail-slap the quicksilver ooze, but do no damage.
The quicksilver ooze is severely wounded.
* * * LOW HITPOINT WARNING * * *
Your lungs strain for air!
The quicksilver ooze hits you.
* * * LOW HITPOINT WARNING * * *
The quicksilver ooze hits you.
* * * LOW HITPOINT WARNING * * *
You feel your power leaking away.
You feel better.
* * * LOW HITPOINT WARNING * * *
Your lungs strain for air!
The quicksilver ooze barely misses you.
The quicksilver ooze hits you but does no damage.
You block the quicksilver ooze's attack. x2
The quicksilver ooze completely misses you.
The quicksilver ooze hits you.
* * * LOW HITPOINT WARNING * * *
You feel better.
* * * LOW HITPOINT WARNING * * *
Your lungs strain for air!
The quicksilver ooze hits you.
The quicksilver ooze closely misses you.
The quicksilver ooze hits you!
You die...

##.©.#8.##..##..#..#).#.#.#..
.....#..#.......#..#.#.#.#.#.
##...#..#########..#.........
#..##..........#..##########
...###..#########..#.........
### #≈..#.....#.#..#.........
##..#=###.#.#..#..##≈##..
#≈..#:○.###.#..#..≈###§..
##..#©..@J..#©.#..## ##..
#≈..#...###.#..#..≈# #≈..
##..#$###.#.####..## ##§.
#≈..#.....#.#.....≈# #§..
##..#########....### ###.
#≈.............#§# #≈
##...........#≈### ##
#≈#≈#≈#≈#≈#§### #############


You could see a quicksilver ooze (very poisoned).

Vanquished Creatures
  Gastronok (D:8)
  Josephine (D:11)
  2 two-headed ogres
  A wolf spider (Gauntlet)
  A cyclops (D:11)
  A manticore (D:11)
  A moth of wrath (Gauntlet)
  Joseph (D:7)
  2 unseen horrors
  A kobold demonologist (D:10)
  2 komodo dragons (D:11)
  A troll (D:9)
  A hornet (D:9)
  Prince Ribbit (D:8)
  6 wraiths
  A wyvern (D:10)
  A basilisk (D:11)
  4 redbacks (Gauntlet)
  2 steam dragons (D:8)
  Edmund (D:4)
  An acid dragon (D:10)
  3 water moccasins
  2 sky beasts (D:7)
  5 small abominations (Gauntlet)
  A swamp drake (D:11)
  3 ice beasts
  4 ogres
  A black bear (D:5)
  An orc warrior (D:10)
  A wolf (shapeshifter) (D:10)
  3 centaurs
  A kobold brigand (D:8)
  2 phantoms
  5 bullfrogs
  3 elf skeletons (D:5)
  3 scorpions
  5 water moccasin zombies (Ossuary)
  17 wights
  10 killer bees
  4 howler monkeys
  2 jellies
  2 hounds
  A gnoll bouda (D:3)
  2 human zombies (D:5)
  7 orc priests
  Crazy Yiuf (D:6)
  An iron imp (D:8)
  3 iguanas
  9 orc wizards
  2 mummies (Ossuary)
  9 gnolls
  6 adders
  2 shadow imps
  A white imp (D:8)
  3 ufetubi
  3 adder skeletons (D:2)
  7 adder zombies (Ossuary)
  4 dart slugs
  A worm (D:2)
  39 orcs
  2 bats (D:3)
  A bat skeleton (D:2)
  A bat zombie (D:2)
  5 endoplasms
  6 giant cockroaches
  3 gnoll zombies (Ossuary)
  6 goblins
  7 hobgoblins
  4 quokkas
  3 ball pythons
  A ball python skeleton (D:2)
  2 frilled lizards
  2 goblin zombies (D:8)
  6 hobgoblin zombies
  A jackal skeleton (D:2)
  A jackal zombie (D:2)
  8 kobolds
  2 kobold skeletons (D:8)
  10 kobold zombies
  2 orc skeletons
  2 orc zombies (Ossuary)
  2 rats (D:2)
289 creatures vanquished.

Notes
Turn   | Place    | Note
-------+----------+-------------------------------------------
     0 | D:1      | theswoord the Demonspawn Gladiator began the quest for the
                  | Orb.
     0 | D:1      | Reached XP level 1. HP: 16/16 MP: 1/1
   128 | D:1      | Reached skill level 3 in Staves
   180 | D:1      | Found a faded altar of an unknown god.
   372 | D:1      | Gained mutation: You have a small tail. [demonic ancestry]
   372 | D:1      | Reached XP level 2. HP: 22/22 MP: 2/2
  1081 | D:2      | Found a burning altar of Makhleb.
  1300 | D:2      | Gained mutation: You have a tail ending in a sharp stinger.
                  | [demonic ancestry]
  1300 | D:2      | Reached XP level 3. HP: 18/27 MP: 3/3
  1429 | D:2      | Reached skill level 4 in Staves
  1438 | D:2      | Found Ruiwiej's Weapon Boutique.
  2224 | D:3      | Gained mutation: You are partially covered in thin metallic
                  | scales. (AC +2) [demonic ancestry]
  2224 | D:3      | Reached XP level 4. HP: 33/33 MP: 4/4
  2483 | D:2      | Reached skill level 5 in Staves
  2492 | D:2      | Reached XP level 5. HP: 19/38 MP: 5/5
  2891 | D:3      | Found a broken altar of Ashenzari.
  3290 | D:4      | Noticed an ogre
  3298 | D:4      | Reached skill level 6 in Staves
  3305 | D:4      | Killed an ogre
  3306 | D:4      | Reached XP level 6. HP: 44/44 MP: 6/6
  3598 | D:4      | Reached skill level 7 in Staves
  3821 | D:4      | Found a staircase to the Ecumenical Temple.
  3832 | Temple   | Entered the Ecumenical Temple
  3843 | Temple   | Became a worshipper of Qazlal Stormbringer
  3934 | D:4      | Gained mutation: Spells you cast may paralyse adjacent
                  | enemies. [demonic ancestry]
  3934 | D:4      | Reached XP level 7. HP: 37/50 MP: 7/7
  4792 | D:4      | Noticed Edmund
  4817 | D:4      | Killed Edmund
  4818 | D:4      | Reached skill level 8 in Staves
  5184 | D:5      | Entered Level 5 of the Dungeon
  5190 | D:5      | Found a shimmering altar of Xom.
  5261 | D:5      | Found a sand-covered staircase.
  5280 | Ossuary  | Entered an ossuary
  5305 | Ossuary  | Gained mutation: You are mostly covered in thin metallic
                  | scales. (AC +3) [demonic ancestry]
  5305 | Ossuary  | Reached XP level 8. HP: 51/56 MP: 8/8
  5309 | Ossuary  | Reached skill level 9 in Staves
  5387 | Ossuary  | Reached * piety under Qazlal
  5859 | D:5      | Reached skill level 10 in Staves
  6230 | D:5      | Reached ** piety under Qazlal
  6943 | D:5      | Reached XP level 9. HP: 33/65 MP: 9/9
  7175 | D:6      | Reached skill level 11 in Staves
  7658 | D:6      | Found a runed translucent door.
  7659 | D:6      | Noticed Crazy Yiuf
  7741 | D:6      | Identified the +0 pair of gloves of Xom's Outrage {rN+
                  | Regen+ Str+2}
  7909 | D:6      | Found Nopyoblo's Book Boutique.
  7973 | D:6      | Killed Crazy Yiuf
  8045 | D:7      | Found a radiant altar of Vehumet.
  8054 | D:7      | Reached skill level 5 in Fighting
  8059 | D:7      | Noticed Joseph
  8076 | D:7      | Killed Joseph
  8171 | D:7      | Reached skill level 12 in Staves
  8475 | D:7      | Killed an unseen horror
  8636 | D:8      | Gained mutation: You are completely covered in thin
                  | metallic scales. (AC +4, rElec) [demonic ancestry]
  8636 | D:8      | Reached XP level 10. HP: 69/76 MP: 10/10
  8654 | D:8      | Reached *** piety under Qazlal
  8717 | D:8      | Noticed Gastronok
  8745 | D:8      | Killed Gastronok
  9076 | D:8      | Reached skill level 13 in Staves
  9076 | D:8      | Reached skill level 1 in Invocations
  9201 | D:8      | Noticed Prince Ribbit
  9220 | D:8      | Killed Prince Ribbit
  9308 | D:8      | Reached skill level 1 in Armour
  9376 | D:9      | Reached **** piety under Qazlal
  9596 | D:9      | Found a staircase to the Orcish Mines.
  9606 | D:9      | Reached skill level 5 in Invocations
  9651 | D:9      | Noticed a two-headed ogre
  9662 | D:9      | Killed a two-headed ogre
  9663 | D:9      | Reached XP level 11. HP: 50/84 MP: 11/15
 10148 | D:10     | Entered Level 10 of the Dungeon
 10547 | D:10     | Noticed a glowing shapeshifter
 10547 | D:10     | an orc wizard changed into a glowing shapeshifter
 10548 | D:10     | a glowing shapeshifter changed into a snapping turtle
 10551 | D:10     | Noticed a swamp dragon
 10551 | D:10     | a snapping turtle changed into a swamp dragon
 10555 | D:10     | Noticed a fire crab
 10555 | D:10     | a swamp dragon changed into a fire crab
 10615 | D:10     | Noticed a two-headed ogre
 10626 | D:10     | Killed a two-headed ogre
 11044 | D:11     | Noticed Josephine
 11056 | D:11     | Killed Josephine
 11130 | D:11     | Reached skill level 14 in Staves
 11274 | D:11     | Found a gate leading to a gauntlet.
 11283 | Gauntlet | Entered a Gauntlet
 11283 | Gauntlet | Noticed a death scarab
 11283 | Gauntlet | Found a runed translucent door.
 11283 | Gauntlet | Found a transporter.
 11283 | Gauntlet | Found a runed translucent door.
 11283 | Gauntlet | Found a transporter.
 11295 | Gauntlet | Found a transporter.
 11313 | Gauntlet | Found a transporter.
 11313 | Gauntlet | Found a transporter.
 11313 | Gauntlet | Found a transporter.
 11315 | Gauntlet | Found a transporter.
 11315 | Gauntlet | Found a transporter.
 11315 | Gauntlet | Noticed a wolf spider
 11321 | Gauntlet | Noticed a reaper
 11327 | Gauntlet | Found a transporter.
 11343 | Gauntlet | Found a transporter.
 11352 | Gauntlet | Noticed a cyan ugly thing
 11352 | Gauntlet | Noticed a green ugly thing
 11353 | Gauntlet | Found a transporter.
 11353 | Gauntlet | Noticed a glowing orange brain
 11355 | Gauntlet | Noticed a quicksilver ooze
 11386 | Gauntlet | Found a transporter.
 11403 | Gauntlet | Found a transporter.
 11415 | Gauntlet | Found a transporter.
 11555 | Gauntlet | Identified the +2 barding of Hedging {+Blink rC+ rCorr
                  | Int-3}
 11586 | Gauntlet | Killed a wolf spider
 11587 | Gauntlet | HP: 3/87 [redback (9)]
 11667 | Gauntlet | Identified the +0 pair of gloves of the Lotus Blossom
                  | {+Blink Slay+5}
 11803 | Gauntlet | Gained mutation: You are robust. (+10% HP) [potion of
                  | mutation]
 11803 | Gauntlet | Gained mutation: You are dopey. (Int -2) [potion of
                  | mutation]
 11803 | Gauntlet | Gained mutation: Your movements are slightly less
                  | encumbered by armour. (ER -2) [potion of mutation]
 11824 | Gauntlet | HP: 2/95 [drowned by a quicksilver ooze (13)]
 11824 | Gauntlet | Mangled by a quicksilver ooze

Skill      XL: |  1  2  3  4  5  6  7  8  9 10 11 |
---------------+----------------------------------+-----
Staves         | 3 4 5 6 7 8 10 12 13 14 | 14.0
Fighting       | 3 6 7 8 |  8.7
Invocations    | 5 9 |  9.6
Armour         | 2 4 |  4.5
Throwing       | |  1.7
Dodging        | |  2.6

Action                   |  1- 3 |  4- 6 |  7- 9 | 10-12 || total
-------------------------+-------+-------+-------+-------++-------
Melee: Quarterstaff      |   105 |    99 |   416 |   385 ||  1005
       Tailslap          |     9 |    13 |    72 |    60 ||   154
Throw: Throwing net      |       |     2 |     2 |       ||     4
       Javelin           |       |       |       |    12 ||    12
Invok: Upheaval          |       |       |       |    10 ||    10
  Use: Scroll            |     5 |       |    12 |     6 ||    23
       Potion            |       |     4 |     1 |    21 ||    26
 Stab: Held in net/web   |       |       |     1 |       ||     1
       Confused          |       |       |       |     1 ||     1
       Petrifying        |       |       |       |     2 ||     2
Armor: Leather armour    |     8 |       |       |       ||     8
       Chain mail        |    73 |    44 |   214 |   176 ||   507
Dodge: Dodged            |    39 |    63 |   183 |   214 ||   499
Block: Other             |       |       |    18 |    75 ||    93

Levels and vault maps discovered:
D:1:      dpeg_arrival_rhombus, layout_basic,
          shapermc_ecumenical_altar_totnotflames, minivault_4, st_stairs_8
D:2:      layout_basic, basic_altar, serial_shops,
          nicolae_shop_bloodbath_and_beyond, serial_undead, serial_undead_a,
          serial_undead_d, serial_undead_f, serial_undead_e, serial_undead_a,
          patterned_corridor
D:3:      layout_rooms, elyvilon_altar_3, nicolae_ashenzari_panopticon,
          st_stairs_5
D:4:      layout_layer_cave, minmay_temple_entry_statues_fountains,
          chequers_serial_rivers_micro_c, uniq_edmund
D:5:      layout_loops_ring, mainiacjoe_overflow_small_starburst,
          nicolae_ossuary_entry_catacombs
D:6:      layout_rooms, serial_shops, nicolae_shop_crystal,
          grunt_decor_fettered, ebering_dispersal_statue_hall,
          uniq_crazy_yiuf_cottage
D:7:      layout_basic, vehumet_crystals, uniq_joseph
D:8:      layout_gridville, nicolae_tso_besieged_by_evil, uniq_prince_ribbit1,
          uniq_gastronok
D:9:      nicolae_cairo_tiling, layout_small_grid, orc_david_3,
          minmay_liquid_box, feat_on_display
D:10:     layout_long_grid
D:11:     layout_basic, erik_lair_dragon, gauntlet_entry_generic, uniq_josephine
Temple:   sentei_temple_godly_chess
Gauntlet: gammafunk_gauntlet_mixed_choke_point
          [minmay_gauntlet_arena_77_radiant_squares,
          minmay_gauntlet_arena_77_shame_cube,
          minmay_gauntlet_arena_77_chump_sandwich,
          gammafunk_gauntlet_arena_grid, minmay_gauntlet_arena_77_broken_ladder,
          minmay_gauntlet_arena_77_two_lines, minmay_gauntlet_arena_77_mirror,
          gauntlet_exit_green]
